 Dungeon Crawl Stone Soup version 0.30-a0-940-ge5077277c9 (webtiles) character file.

Game seed: 10273097878598743298

6980 Bnni the Geomancer (level 11, -12/87 HPs)
             Began as a Formicid Earth Elementalist on Mar 26, 2023.
             Was a Priest of Cheibriados.
             Shot with an arrow by a centaur warrior (23 damage)
             ... on level 11 of the Dungeon.
             The game lasted 00:14:49 (9012 turns).

Bnni the Geomancer (Formicid Earth Elementalist)    Turns: 9012, Time: 00:14:50

Health: -12/87     AC: 12    Str: 20    XL:     11   Next: 28%
Magic:  14/24      EV: 12    Int: 29    God:    Cheibriados [***...]
Gold:   326        SH:  0    Dex: 21    Spells: 6/16 levels left

rFire   + . .      SeeInvis +    v - +10 quarterstaff of Peack {flame, rF+ Int+3}
rCold   + . .      Faith    .    (no shield)
rNeg    . . .      Spirit   .    H - +2 leather armour {rC+}
rPois   .          Reflect  .    (helmet unavailable)
rElec   .          Rampage  .    G - +2 cloak
rCorr   +                        r - +0 pair of gloves
Will    +....                    f - +0 pair of boots
Stlth   ++                       t - amulet of the acrobat
HPRegen 0.34/turn                g - ring of magical power
MPRegen 0.19/turn                w - ring of resist corrosion

@: very slow
A: permanent stasis, dig shafts and tunnels, antennae 3, four strong arms
a: Dig, Shaft Self, Renounce Religion, Bend Time, Temporal Distortion


You were on level 11 of the Dungeon.
You worshipped Cheibriados.
Cheibriados was most pleased with you.
You visited 2 branches of the dungeon, and saw 11 of its levels.
You also visited: Ossuary.

You collected 524 gold pieces.
You spent 198 gold pieces at shops.

Inventory:

Hand Weapons
 v - the +10 quarterstaff of Peack (weapon) {flame, rF+ Int+3}
   (You bought it in a shop on level 3 of the Dungeon)

   Int:       It affects your intelligence (+3).
   rF:        It protects you from fire.
 B - a +3 dagger of venom
Missiles
 q - a throwing net
Armour
 f - a +0 pair of boots (worn)
 r - a +0 pair of gloves (worn)
 D - a +0 chain mail
 G - a +2 cloak (worn)
 H - a +2 leather armour of cold resistance (worn)
Jewellery
 g - a ring of magical power (left hand)
 t - an amulet of the acrobat (around neck)
 w - a ring of resist corrosion (right hand)
 E - a ring of flight
Wands
 c - a wand of mindburst (16)
 m - a wand of light (8)
 F - a wand of paralysis (10)
 J - a wand of iceblast (3)
Scrolls
 h - 2 scrolls of fog {unknown}
 i - 2 scrolls of blinking {unknown}
 j - 3 scrolls of vulnerability {unknown}
 k - 6 scrolls of enchant weapon
 n - 4 scrolls of teleportation {unknown}
 o - 5 scrolls of fear
 p - 4 scrolls of magic mapping {unknown}
 u - a scroll of noise {unknown}
 y - a scroll of immolation {unknown}
 A - a scroll of enchant armour
 C - 4 scrolls of poison {unknown}
 I - a scroll of silence {unknown}
Potions
 a - 6 potions of curing
 d - 5 potions of haste
 e - 3 potions of cancellation
 l - 4 potions of flight
 s - 2 potions of brilliance {unknown}
 x - 2 potions of mutation


   Skills:
 + Level 8.7 Fighting
 + Level 7.5 Armour
 - Level 1.7 Dodging
 - Level 2.4 Stealth
 - Level 3.0 Spellcasting
 - Level 3.0 Transmutations
 * Level 13.8 Earth Magic
 + Level 5.8 Invocations


You had 6 spell levels left.
You knew the following spells:

 Your Spells              Type           Power      Damage    Failure   Level
a - Sandblast             Erth           100%       2d20      1%          1
b - Passwall              Tmut/Erth      43%        N/A       1%          2
c - Stone Arrow           Conj/Erth      88%        3d12      1%          3
d - Petrify               Tmut/Erth      52%        N/A       2%          4

Your spell library contained the following spells:

 Spells                   Type           Power      Damage    Failure   Level
 Magic Dart               Conj           16%        1d3       9%          1
 Searing Ray              Conj           8%         2d4       13%         2
 Fulminant Prism          Conj/Hex       2%         3d5       65%         4
 Yara's Violent Unravell  Hex/Tmut       6%         3d5       78%         5
 Enfeeble                 Hex            2%         N/A       100%        7
 Malign Gateway           Summ/Tloc      2%         N/A       100%        7
 Summon Horrible Things   Summ           2%         N/A       100%        8


Dungeon Overview and Level Annotations

Branches:
Dungeon (9/15)             Temple (1/1) D:7            Lair (0/5) D:8
Ossuary (visited)
    Orc: D:9-12

Altars:
Ashenzari
Cheibriados
Dithmenos
Elyvilon
Gozag
Hepliaklqana
Kikubaaqudgha
Makhleb
Nemelex Xobeh
Okawaru
Ru
Sif Muna
Trog
Uskayaw
Vehumet
Wu Jian
Xom
Zin
The Shining One

Shops:
D:3 (


Innate Abilities, Weirdness & Mutations

You cannot be hasted, slowed, berserked, paralysed or teleported.
You can dig through walls and to a lower floor.
You have a pair of large antennae on your head. (SInv)
Your four strong arms can wield two-handed weapons with a shield.


Message History

The orc knight hits you with a +0 great sword!
* * * LOW HITPOINT WARNING * * *
The flow of time bends around you.
Cheibriados rebukes the orc knight.
The orc knight seems to slow down.
Magic courses through your body. The orc knight barely misses you.
Casting: Petrify (dangerous; 2% risk of failure)
Confirm with . or Enter, or press ? or * to list all spells.
Aiming: Petrify (dangerous; 2% risk of failure)
Press: ? - help, Shift-Dir - straight line, f/p - orc knight
Aim: an orc knight, wielding a +0 great sword and wearing a +0 chain mail (slow, chance to affect: 55%)
The orc knight resists with significant effort.
Unknown command.
Casting: Petrify (dangerous; 2% risk of failure)
Confirm with . or Enter, or press ? or * to list all spells.
Aiming: Petrify (dangerous; 2% risk of failure)
Press: ? - help, Shift-Dir - straight line, f/p - orc knight
Aim: an orc knight, wielding a +0 great sword and wearing a +0 chain mail (slow, chance to affect: 55%)
The orc knight resists with significant effort.
The orc knight hits you with a +0 great sword.
* * * LOW HITPOINT WARNING * * *
Casting: Petrify (dangerous; 2% risk of failure)
Confirm with . or Enter, or press ? or * to list all spells.
Aiming: Petrify (dangerous; 2% risk of failure)
Press: ? - help, Shift-Dir - straight line, f/p - orc knight
Aim: an orc knight, wielding a +0 great sword and wearing a +0 chain mail (slow, chance to affect: 55%)
The orc knight is moving more slowly.
The orc knight hits you with a +0 great sword!
* * * LOW HITPOINT WARNING * * *
The orc knight unwields a +0 great sword.
The orc knight wields a +0 arbalest.
The orc knight shoots a bolt.
The bolt completely misses you.
Are you sure you want to shaft yourself? [Y]es or [N]o only, please.
Are you sure you want to shaft yourself? [Y]es or [N]o only, please.
Are you sure you want to shaft yourself?
The centaur warrior wields a +0 shortbow.
The centaur warrior shoots an arrow.
The arrow hits you!!
You die...

{#.#...##?#
#O##.....###
#..c.......#
{#.{...{.##.#
#e....{###.##
.........#{#...#
##.......##o##.#
#......c#####.####
...............@..#
....#.....#........#
..........#........#
.......##########


You could see a centaur warrior.

Vanquished Creatures
  Erica (D:8)
  A deep elf pyromancer (D:11)
  The ghost of Morbidden the Digger, a novice DsEE (D:7)
  A hornet (D:7)
  A troll (D:8)
  A wraith (D:8)
  8 yaks
  A wyvern (D:9)
  A water moccasin (D:6)
  4 orc warriors
  A black bear (D:6)
  4 ice beasts
  2 wolves (D:8)
  3 ogres
  3 phantoms (D:6)
  A centaur (D:11)
  2 kobold brigands
  A bullfrog (D:9)
  2 scorpions
  3 water moccasin zombies (Ossuary)
  2 electric eels (D:8)
  2 howler monkeys
  9 hounds
  8 orc priests
  3 gnoll boudas
  3 jellies
  2 iguanas
  10 orc wizards
  2 mummies (Ossuary)
  15 gnolls
  8 adders
  2 shadow imps
  3 ufetubi
  5 adder zombies (Ossuary)
  3 worms
  53 orcs
  4 bats
  5 endoplasms
  4 giant cockroaches
  4 goblins
  6 hobgoblins
  4 jackals (D:4)
  3 quokkas
  6 ball pythons
  3 frilled lizards
  5 hobgoblin zombies (Ossuary)
  13 kobolds
  4 kobold zombies (Ossuary)
  5 orc zombies (Ossuary)
  4 rats
242 creatures vanquished.

Vanquished Creatures (others)
  5 fungi (D:3)
  5 plants (D:3)
10 creatures vanquished.

Grand Total: 252 creatures vanquished

Notes
Turn   | Place    | Note
-------+----------+-------------------------------------------
     0 | D:1      | Bnni the Formicid Earth Elementalist began the quest for
                  | the Orb.
     0 | D:1      | Reached XP level 1. HP: 13/13 MP: 3/3
   323 | D:1      | Reached XP level 2. HP: 20/20 MP: 3/5
   403 | D:1      | Learned a level 2 spell: Passwall
   550 | D:1      | Reached skill level 4 in Earth Magic
   927 | D:1      | Reached skill level 1 in Fighting
   927 | D:1      | Reached XP level 3. HP: 26/26 MP: 6/6
  1566 | D:2      | Found a white marble altar of Elyvilon.
  1646 | D:2      | Reached XP level 4. HP: 32/32 MP: 7/7
  1657 | D:2      | Learned a level 4 spell: Petrify
  1987 | D:3      | Reached skill level 5 in Earth Magic
  1987 | D:3      | Reached XP level 5. HP: 17/38 MP: 9/9
  2240 | D:3      | Found Midih's Antique Weapon Emporium.
  2407 | D:3      | Found a faded altar of an unknown god.
  3043 | D:3      | Bought a crude quarterstaff for 198 gold pieces
  3043 | D:3      | Identified the +10 quarterstaff of Peack {flame, rF+ Int+3}
                  | (You bought it in a shop on level 3 of the Dungeon)
  3144 | D:4      | Learned a level 3 spell: Stone Arrow
  3285 | D:4      | Reached XP level 6. HP: 39/46 MP: 10/10
  3513 | D:4      | Reached skill level 6 in Earth Magic
  3850 | D:5      | Entered Level 5 of the Dungeon
  3973 | D:5      | Found a radiant altar of Vehumet.
  3980 | D:5      | Reached XP level 7. HP: 49/52 MP: 11/11
  4004 | D:5      | Reached skill level 7 in Earth Magic
  4007 | D:5      | Found a sand-covered staircase.
  4023 | Ossuary  | Entered an ossuary
  4310 | D:5      | Reached skill level 1 in Armour
  4310 | D:5      | Reached skill level 8 in Earth Magic
  4310 | D:5      | Reached XP level 8. HP: 36/61 MP: 12/12
  4398 | D:5      | Found a broken altar of Ashenzari.
  5140 | D:6      | Reached skill level 5 in Fighting
  5140 | D:6      | Reached skill level 9 in Earth Magic
  5507 | D:6      | Reached XP level 9. HP: 66/68 MP: 13/13
  5704 | D:6      | Reached skill level 10 in Earth Magic
  5742 | D:6      | Found a sparkling altar of Nemelex Xobeh.
  5742 | D:6      | Found an iron altar of Okawaru.
  5760 | D:6      | Found a white marble altar of Elyvilon.
  5762 | D:6      | Found a shadowy altar of Dithmenos.
  5764 | D:6      | Found an ancient bone altar of Kikubaaqudgha.
  5840 | D:7      | Found a staircase to the Ecumenical Temple.
  5850 | Temple   | Entered the Ecumenical Temple
  5896 | Temple   | Became a worshipper of Cheibriados the Contemplative
  6038 | D:7      | Found a runed translucent gate.
  6352 | D:7      | Reached skill level 11 in Earth Magic
  6446 | D:7      | Noticed a hornet
  6451 | D:7      | Killed a hornet
  6452 | D:7      | Reached skill level 5 in Armour
  6474 | D:7      | Reached * piety under Cheibriados
  6488 | D:7      | Reached skill level 1 in Invocations
  6496 | D:7      | Reached XP level 10. HP: 49/77 MP: 11/14
  6832 | D:7      | Found a runed translucent gate.
  6834 | D:7      | Found a runed translucent gate.
  6834 | D:7      | Noticed Morbidden's ghost (novice DsEE)
  6836 | D:7      | Identified the +4 plate armour of the Muttering Gods {Harm
                  | rPois Str-2}
  6867 | D:7      | Killed Morbidden's ghost
  6868 | D:7      | Reached skill level 12 in Earth Magic
  6880 | D:7      | Reached ** piety under Cheibriados
  6885 | D:7      | HP: 3/79 [orc priest/+2 flail of holy wrath (6)]
  7396 | D:8      | Noticed Erica
  7412 | D:8      | Killed Erica
  7729 | D:8      | Found a shimmering altar of Xom.
  7729 | D:8      | Found a shimmering altar of Xom.
  7731 | D:8      | Found a shimmering altar of Xom.
  7731 | D:8      | Found a shimmering altar of Xom.
  7731 | D:8      | Found a shimmering altar of Xom.
  7733 | D:8      | Found a shimmering altar of Xom.
  7734 | D:8      | Found a shimmering altar of Xom.
  7997 | D:8      | Found a staircase to the Lair.
  8184 | D:8      | Reached skill level 13 in Earth Magic
  8191 | D:8      | Reached *** piety under Cheibriados
  8399 | D:9      | Reached XP level 11. HP: 41/86 MP: 15/15
  8401 | D:9      | Reached skill level 5 in Invocations
  8745 | D:9      | You fall into a shaft and drop 2 floors!
  8977 | D:11     | Noticed a centaur warrior
  8981 | D:11     | Noticed an orc knight
  8983 | D:11     | Noticed a two-headed ogre
  8983 | D:11     | Noticed a centaur warrior
  8990 | D:11     | Noticed a deep elf pyromancer
  8999 | D:11     | Killed a deep elf pyromancer
  9012 | D:11     | Shot with an arrow by a centaur warrior

Illustrated notes

Levels and vault maps discovered:
D:1:      matt_arrival_los_fun, layout_basic, serial_bayou_lake_a
D:2:      layout_rooms, basic_altar, minmay_tromino_v2
D:3:      layout_basic, shapermc_ecumenical_altar_mp_urbaneastern, serial_shops,
          shop, grunt_decor_cap
D:4:      layout_basic
D:5:      layout_loops_cross, lemuel_tele_altar, mainiacjoe_overflow_catwalk,
          enter_ossuary_1
D:6:      layout_gridville, chequers_temple_overflow_minitemple,
          grunt_ministairs_2
D:7:      layout_cave_pools, minmay_temple_entry_mini_moons,
          biasface_ghost_orc_armoury
D:8:      layout_basic, xom_redecorated, erik_lair_island,
          minmay_misc_feat_encased, uniq_erica
D:9:      layout_gridville, serial_shops, nicolae_shop_window_shopping
D:11:     minmay_cut_squares, layout_rooms, minivault_24
Temple:   nicolae_temple_great_sept

Skill      XL: |  1  2  3  4  5  6  7  8  9 10 11 |
---------------+----------------------------------+-----
Earth Magic    | 4 5 6 8 9 11 13 | 13.8
Fighting       | 1 2 3 4 5 6 8 |  8.7
Transmutations | 2 3 |  3.0
Spellcasting   | 3 |  3.0
Armour         | 1 3 5 7 |  7.5
Invocations    | 1 4 5 |  5.8
Dodging        | |  1.7
Stealth        | |  2.4

Action                     |  1- 3 |  4- 6 |  7- 9 | 10-12 || total
---------------------------+-------+-------+-------+-------++-------
  Melee: Club              |     2 |       |       |       ||     2
         Short sword       |     3 |       |       |       ||     3
         Quarterstaff      |       |    36 |   169 |    37 ||   242
         Spear             |       |     1 |       |       ||     1
   Cast: Sandblast         |    46 |    60 |    54 |   124 ||   284
         Stone Arrow       |       |       |     3 |     7 ||    10
         Petrify           |       |       |     5 |    12 ||    17
         Passwall          |       |       |       |     4 ||     4
 Invoke: Bend Time         |       |       |       |     1 ||     1
Ability: Dig               |       |       |       |     5 ||     5
         Shaft Self        |       |       |       |     2 ||     2
  Evoke: Wand              |       |       |       |     3 ||     3
    Use: Scroll            |       |       |     8 |     1 ||     9
         Potion            |       |       |     1 |     4 ||     5
   Stab: Sleeping          |       |     1 |     1 |     1 ||     3
         Petrified         |       |       |    11 |     5 ||    16
         Petrifying        |       |       |     1 |       ||     1
 Armour: Robe              |     6 |     4 |       |       ||    10
         Ring mail         |       |    16 |    98 |    14 ||   128
         Leather armour    |       |       |       |    43 ||    43
  Dodge: Dodged            |    12 |    44 |   141 |   115 ||   312

Table legend: (Time is in decaauts)
 A = Elapsed time spent in this place.
 B = Non-inter-level travel time spent in this place.
 C = Inter-level travel time spent in this place.
 D = Time resting spent in this place.
 E = Time spent auto-exploring this place.
 F = Levels seen in this place.
 G = Mean time per level.
                   A        B        C        D        E       F      G
               +--------+--------+--------+--------+--------+-----+--------+
         Total |   9806 |   9377 |    429 |   1052 |   6659 |  12 |  817.2 |
       Dungeon |   9484 |   9066 |    418 |   1052 |   6454 |  10 |  948.4 |
        Temple |     59 |     48 |     11 |      0 |     36 |   1 |   59.0 |
       Ossuary |    263 |    263 |      0 |      0 |    169 |   1 |  263.0 |
               +--------+--------+--------+--------+--------+-----+--------+

Top non-repeatable levels by time:
     D:8: 1497 daAuts
     D:7: 1415 daAuts
     D:1: 1415 daAuts
     D:3: 1111 daAuts
     D:6: 1048 daAuts
     D:4: 897 daAuts
     D:5: 840 daAuts
     D:2: 508 daAuts
     D:9: 463 daAuts
    D:11: 286 daAuts
 Ossuary: 263 daAuts
  Temple: 59 daAuts
